 Dungeon Crawl Stone Soup version 0.16-a0-331-g39fd2ee (webtiles) character file.

24948 PolkaDot the Summoner (level 12, -1/111 HPs)
             Began as a Vampire Summoner on Sept 8, 2014.
             Was the Champion of Sif Muna.
             Slain by a dire elephant (29 damage)
             ... on Level 6 of the Lair of Beasts.
             The game lasted 02:18:16 (22650 turns).

PolkaDot the Summoner (Vampire Summoner)           Turns: 22650, Time: 02:18:16

HP  -1/111       AC 15     Str 12      XL: 12   Next: 85%
MP   6/23        EV 17     Int 27      God: Sif Muna [******]
Gold 728         SH  0     Dex 25      Spells:  4 memorised,  0 levels left

rFire  + . .     SeeInvis +     a - +6 spear "Ugginupraop" {pierce, Str+1}
rCold  . . .     Clarity  .     D - +1 leather armour {MR+}
rNeg   . . .     rCorr    .     (no shield)
rPois  +         rRot     .     f - +0 helmet
rElec  .         Spirit   .     r - +2 cloak {+Inv}
SustAb .         Warding  .     H - +1 pair of gloves {rF+}
rMut   .         Stasis   .     V - +4 pair of boots of the Vacuum {Str+2 Int+2}
Gourm  +                        s - amulet "Siaruaz" {Gourm Dex+3 Int+2}
MR     ++...                    l - ring of poison resistance
                                v - ring of Zyonun {+Fly Str-3 Dex+3 Int+2}

@: agile, berserking, regenerating very quickly, very quick, very resistant to
hostile enchantments, extremely unstealthy
A: bottle blood, fangs 3, see invisible, unbreathing
a: Bottle Blood, Channel Energy, Forget Spell, Renounce Religion, Evoke
Invisibility, Evoke Flight


You were on level 6 of the Lair of Beasts.
You worshipped Sif Muna.
Sif Muna was exalted by your worship.
You were almost alive.

You visited 3 branches of the dungeon, and saw 18 of its levels.
You also visited: Volcano.

You collected 1460 gold pieces.
You spent 732 gold pieces at shops.

Inventory:

Hand weapons
 a - the +6 spear "Ugginupraop" (weapon) {pierce, Str+1}
   (You found it on level 2 of the Lair of Beasts)

   It inflicts extra damage upon your enemies.
   It affects your strength (+1).
Missiles
 x - 9 throwing nets (quivered)
Armour
 f - a +0 helmet (worn)
 r - a +2 cloak of darkness (worn)
 D - a +1 leather armour of magic resistance (worn)
 H - a +1 pair of gloves of fire resistance (worn)
 T - the +1 pair of boots "Pruonow" {rC++ Stlth--}
   (You found it on level 1 of the Lair of Beasts)

   It greatly protects you from cold.
   It makes you much less stealthy.
 V - the +4 pair of boots of the Vacuum (worn) {Str+2 Int+2}
   (You bought it in a shop on level 7 of the Dungeon)

   It affects your strength (+2).
   It affects your intelligence (+2).
Magical devices
 e - a wand of digging (13)
 h - a wand of cold (7)
 k - a wand of digging (4)
 y - a wand of paralysis (14)
 E - a wand of draining (4)
 Q - a wand of fire (3)
Scrolls
 c - a scroll of magic mapping
 d - 10 scrolls of remove curse
 g - 5 scrolls of teleportation
 i - a scroll of fog
 j - 4 scrolls of noise
 q - 3 scrolls of amnesia
 I - a scroll of recharging
 K - 2 scrolls of enchant weapon
 L - 2 scrolls of enchant armour
 W - a scroll of silence
Jewellery
 l - a ring of poison resistance (right hand)
 s - the amulet "Siaruaz" (around neck) {Gourm Dex+3 Int+2}
   (You found it on level 8 of the Dungeon)

   [amulet of the gourmand]

   It allows you to eat raw meat even when not hungry.
   It affects your intelligence (+2).
   It affects your dexterity (+3).
 u - an uncursed amulet of clarity
 v - the ring of Zyonun (left hand) {+Fly Str-3 Dex+3 Int+2}
   (You found it on level 10 of the Dungeon)

   [ring of flight]

   It affects your strength (-3).
   It affects your intelligence (+2).
   It affects your dexterity (+3).
   It lets you fly.
 G - an uncursed amulet of resist mutation
Potions
 m - 2 potions of flight
 n - 2 potions of magic
 o - 2 potions of restore abilities
 p - 2 potions of agility
 w - a potion of might
 z - a potion of curing
 A - a potion of berserk rage
 B - 3 potions of cancellation
 C - a potion of brilliance
 P - a potion of invisibility
 R - a potion of resistance
 S - 2 potions of lignification
Books
 F - a book of Cantrips {god gift}

   Spells                             Type                      Level
   Corona                             Hexes                        1
   Animate Skeleton                   Necromancy                   1
   Summon Small Mammal                Summoning                    1
   Apportation                        Translocation                1
 X - a book of Hinderance

   Spells                             Type                      Level
   Confusing Touch                    Hexes                        2
   Confuse                            Hexes                        3
   Petrify                            Transmutation/Earth          4
   Leda's Liquefaction                Hexes/Earth                  4
   Metabolic Englaciation             Hexes/Ice                    5
   Summon Mana Viper                  Hexes/Summoning              5
 Y - a book of the Warp

   Spells                             Type                      Level
   Control Teleport                   Charms/Translocation         4
   Phase Shift                        Translocation                5
   Warp Weapon                        Charms/Translocation         5
   Dispersal                          Translocation                6
   Controlled Blink                   Translocation                7
   Disjunction                        Translocation                8
Magical staves
 b - an uncursed staff of wizardry


   Skills:
 - Level 2.1 Dodging
 - Level 3.0 Stealth
 - Level 3.7 Spellcasting
 - Level 10.4 Hexes
 * Level 11.5 Summonings
 - Level 10.0 Ice Magic
 - Level 10.0 Air Magic
 - Level 5.1 Invocations
 + Level 8.1 Evocations


You couldn't memorise any spells.
You knew the following spells:

 Your Spells              Type           Power        Failure   Level  Hunger
g - Summon Guardian Gole  Hex/Summ       ######..     1%          4    ####...
i - Summon Ice Beast      Ice/Summ       ######..     1%          4    ####...
m - Monstrous Menagerie   Summ           ######....   12%         6    #######
s - Summon Lightning Spi  Summ/Air       ######..     1%          4    ####...


Dungeon Overview and Level Annotations

Branches:
Dungeon (11/15)            Temple (1/1) D:5             Orc (0/4) D:10
   Lair (6/8) D:11         Spider (0/5) Lair:3
  Swamp: Lair:3-6    Shoals: Lair:3-6     Slime: Lair:6-8

Altars:
Ashenzari
Cheibriados
Dithmenos
Elyvilon
Fedhas
Gozag
Kikubaaqudgha
Makhleb
Nemelex Xobeh
Okawaru
Qazlal
Sif Muna
Trog
Vehumet
Xom
Yredelemnul
Zin
The Shining One

Shops:
D:7 [[


Innate Abilities, Weirdness & Mutations

Your natural rate of healing is extremely fast.
You can bottle blood from corpses.
You have razor-sharp teeth.
You have supernaturally acute eyesight.
You can survive without breathing.


Message History

* * * LOW HITPOINT WARNING * * *
You hold your ground!
The dire elephant trunk-slaps you but does no damage.
The elephant tramples your ice beast!
Your ice beast holds its ground!
Your ice beast dies!
Your ice beast hits the elephant but does no damage.
Drink which item? (? for menu, Esc to quit)
You feel better. The dire elephant barely misses you.
The dire elephant trunk-slaps you but does no damage.
Your ice beast hits the elephant.
Your ice beast freezes the elephant!
Drink which item? (? for menu, Esc to quit)
You feel better. The dire elephant closely misses you.
The dire elephant trunk-slaps you!
* * * LOW HITPOINT WARNING * * *
Your ice beast hits the elephant but does no damage. x2
Drink which item? (? for menu, Esc to quit)
A red film seems to cover your vision as you go berserk!
You feel yourself moving faster!
You feel mighty! The dire elephant tramples you!!
You die...

P...........## #
#............P###
#................
.................
.................#
P######.#######.P
###....# #..
###8Y..### ##.
#@YYY..#%#### ..
#####.#....?# .#.
#....?..# #.
###.##### #. ...
#. #.... . ..... #
##. #


You could see a dire elephant, an elephant, 2 friendly ice beasts and a friendly
lightning spire.

Vanquished Creatures
  An unseen horror (D:9)
  A hill giant (D:11)
  Psyche (D:8)
  2 spiny frogs
  2 fire drakes (Lair:4)
  A polar bear (Lair:5)
  A blink frog (Lair:1)
  A wyvern (Lair:4)
  2 yaks
  4 hippogriffs
  A wolf (Lair:2)
  6 porcupines
  3 water moccasins
  5 spiders (Lair:3)
  2 orc warriors
  6 ogres
  2 ice beasts
  3 centaurs
  5 crocodiles
  2 big kobolds
  8 giant frogs
  A jelly (D:7)
  An eye of draining (D:6)
  2 killer bees (D:10)
  A wight (D:4)
  2 goliath beetles (D:7)
  9 hounds
  2 crimson imps
  Crazy Yiuf (D:4)
  4 iguanas
  2 gnoll shamans
  6 worker ants
  An orc wizard (D:10)
  Jessica (D:2)
  7 sheep (Lair:3)
  An ogre skeleton (D:4)
  A hound zombie (D:9)
  2 hound skeletons
  8 gnolls
  4 green rats
  13 adders
  2 giant mites
  2 giant geckos (D:4)
  11 orcs
  13 bats
  9 hobgoblins
  9 jackals
  12 kobolds
  An ooze (D:5)
  12 quokkas
  4 giant cockroaches
  4 giant newts
  14 goblins
  A jackal zombie (D:6)
  An orc skeleton (D:5)
  12 rats
  2 rat skeletons
  20 ballistomycetes
257 creatures vanquished.

Vanquished Creatures (collateral kills)
  A yaktaur captain (D:10)
  Fannar (Lair:3)
  Harold (Lair:4)
  A centaur warrior (Volcano)
  3 hydras
  A tengu warrior (D:10)
  Erolcha (D:11)
  An unseen horror (D:11)
  A flayed ghost (D:10)
  A griffon (Lair:5)
  3 hill giants
  A deep elf conjurer (D:10)
  A lindwurm (Lair:4)
  An ugly thing (D:11)
  An oklob plant (Lair:5)
  An elephant (Lair:6)
  Joseph (D:8)
  2 black mambas
  2 molten gargoyles (Volcano)
  3 spiny frogs
  A yaktaur (Volcano)
  A komodo dragon (D:11)
  3 trolls
  A hydra zombie (D:10)
  2 fire drakes (Lair:5)
  A polar bear (Lair:3)
  The ghost of wvc the Conjurer, an experienced GrWz (D:5)
  Prince Ribbit (D:4)
  A deep elf mage (D:11)
  13 blink frogs
  A trapdoor spider (D:10)
  A shadow (D:10)
  2 basilisks (Lair:6)
  A human (D:10)
  3 wraiths (D:10)
  2 wyverns (D:10)
  23 yaks
  A spriggan (D:7)
  A deep elf fighter (D:11)
  A hill giant skeleton (D:10)
  A fire bat (D:10)
  A hungry ghost (D:9)
  A warg (D:10)
  6 wolves
  3 water moccasins
  A spider (Lair:3)
  A manticore zombie (D:7)
  2 sky beasts
  2 orc warriors
  A phantom (D:8)
  6 porcupines
  11 centaurs
  9 ogres
  8 ice beasts
  3 crocodiles
  3 necrophages
  Sigmund (D:5)
  A big kobold (D:7)
  10 giant frogs
  2 gnoll sergeants (D:10)
  10 killer bees
  A scorpion (D:10)
  A water moccasin skeleton (D:6)
  An eye of draining (D:6)
  5 jellies
  A troll skeleton (D:10)
  A hippogriff skeleton (D:9)
  2 electric eels
  2 gnoll shamans
  4 orc priests
  9 worker ants
  4 iguanas
  An elf zombie (D:11)
  5 hounds
  4 orc wizards
  An ogre skeleton (D:6)
  A crocodile skeleton (D:8)
  51 gnolls
  6 green rats
  7 adders
  A shadow imp (D:10)
  An iguana skeleton (D:10)
  2 giant geckos
  21 orcs
  12 bats
  A giant cockroach (D:5)
  2 goblins (D:10)
  4 hobgoblins
  3 quokkas
  2 giant newts
  A giant spore (D:11)
  17 jackals
  12 kobolds
  An orc skeleton (D:9)
  9 rats
  3 ballistomycetes
  A fungus (D:11)
372 creatures vanquished.

Vanquished Creatures (others)
  2 manticores
  4 guardian golems
  A blink frog (Lair:1)
  2 wargs
  23 wolves
  48 ice beasts
  A crimson imp (D:10)
  10 hounds
  A gnoll (D:10)
  A shadow imp (D:4)
  5 white imps
  A kobold (D:9)
  3 giant spores
  8 fungi (D:11)
  9 plants (D:11)
119 creatures vanquished.

Grand Total: 748 creatures vanquished

Notes
Turn   | Place    | Note
--------------------------------------------------------------
     0 | D:1      | PolkaDot, the Vampire Summoner, began the quest for the Orb.
     0 | D:1      | Reached XP level 1. HP: 13/13 MP: 3/3
   824 | D:2      | Reached XP level 2. HP: 19/19 MP: 4/4
  1110 | D:2      | Reached skill level 5 in Summonings
  1110 | D:2      | Reached XP level 3. HP: 24/24 MP: 6/6
  1318 | D:2      | Noticed Jessica
  1325 | D:2      | Killed Jessica
  1549 | D:2      | Learned a level 3 spell: Call Canine Familiar
  1552 | D:2      | Learned a level 2 spell: Call Imp
  1600 | D:3      | Reached XP level 4. HP: 30/30 MP: 3/7
  2044 | D:3      | Reached skill level 6 in Summonings
  2600 | D:4      | Gained mutation: Your muscles are strong. (Str +2) [potion of mutation]
  2600 | D:4      | Gained mutation: Armour fits poorly on your strangely shaped body. [potion of mutation]
  2600 | D:4      | Gained mutation: You are agile. (Dex +2) [potion of mutation]
  2617 | D:4      | Reached XP level 5. HP: 21/35 MP: 0/9
  2636 | D:4      | Noticed an ogre
  2644 | D:4      | Killed an ogre
  2644 | D:4      | Reached skill level 7 in Summonings
  2704 | D:4      | Reached XP level 6. HP: 8/41 MP: 5/10
  3199 | D:4      | Noticed Prince Ribbit
  3345 | D:4      | Killed Prince Ribbit
  3345 | D:4      | Reached skill level 8 in Summonings
  3460 | D:4      | Noticed Crazy Yiuf
  3471 | D:4      | Killed Crazy Yiuf
  3598 | D:5      | Entered Level 5 of the Dungeon
  3605 | D:5      | Noticed Sigmund
  3627 | D:5      | Killed Sigmund
  3627 | D:5      | Reached XP level 7. HP: 31/46 MP: 3/12
  3821 | D:5      | Learned a level 4 spell: Summon Ice Beast
  3851 | D:5      | Found a staircase to the Ecumenical Temple.
  3862 | Temple   | Entered the Ecumenical Temple
  3879 | Temple   | Became a worshipper of Sif Muna the Loreminder
  4011 | D:5      | Noticed wvc's ghost (experienced GrWz)
  4030 | D:5      | Killed wvc's ghost
  4030 | D:5      | Reached skill level 9 in Summonings
  4547 | D:6      | Acquired Sif Muna's first power
  4652 | D:6      | Found a bloodstained altar of Trog.
  4671 | D:6      | Reached skill level 10 in Summonings
  4718 | D:6      | Reached XP level 8. HP: 19/52 MP: 7/13
  4850 | D:6      | Reached skill level 1 in Ice Magic
  5495 | D:6      | Acquired Sif Muna's second power
  5677 | D:6      | Reached skill level 5 in Ice Magic
  5945 | D:7      | Found Ytrabrecw's Armour Shop.
  6066 | D:7      | Reached XP level 9. HP: 57/57 MP: 6/14
  6311 | D:7      | Noticed a six-headed hydra
  6318 | D:7      | Killed a six-headed hydra
  6522 | D:7      | Found Nidweba's Armour Shoppe.
  6560 | D:7      | Bought a +1 cloak of darkness for 214 gold pieces
  6978 | D:7      | Reached skill level 1 in Invocations
  7396 | D:8      | Got a twitching diamond amulet
  7404 | D:8      | Noticed Psyche
  7417 | D:8      | Killed Psyche
  7417 | D:8      | Acquired Sif Muna's third power
  7556 | D:8      | Reached skill level 10 in Ice Magic
  7666 | D:8      | Noticed Joseph
  7678 | D:8      | Killed Joseph
  7945 | D:8      | Reached XP level 10. HP: 57/63 MP: 16/16
  7963 | D:8      | Learned a level 4 spell: Summon Guardian Golem
  7985 | D:8      | Identified the amulet "Siaruaz" {Gourm Dex+3 Int+2} (You found it on level 8 of the Dungeon)
  8191 | D:8      | Found an opulent altar of Gozag.
  8192 | D:8      | Found an ancient bone altar of Kikubaaqudgha.
  8247 | D:9      | Reached skill level 1 in Hexes
  8456 | D:9      | Noticed an unseen horror
  8480 | D:9      | Killed an unseen horror
  9046 | D:9      | Found a white marble altar of Elyvilon.
  9425 | D:9      | Reached skill level 5 in Hexes
  9832 | D:10     | Entered Level 10 of the Dungeon
 10604 | D:10     | Found a staircase to the Orcish Mines.
 10796 | D:10     | Reached skill level 5 in Invocations
 11134 | D:10     | Noticed a yaktaur captain
 11135 | D:10     | Found an ancient bone altar of Kikubaaqudgha.
 11135 | D:10     | Noticed a deep elf conjurer
 11177 | D:10     | Reached skill level 1 in Evocations
 11187 | D:10     | Killed a yaktaur captain
 11187 | D:10     | Reached skill level 10 in Hexes
 11677 | D:10     | Noticed a hill giant
 11684 | D:10     | Killed a hill giant
 11684 | D:10     | Reached XP level 11. HP: 51/68 MP: 4/19
 11699 | D:10     | Killed a deep elf conjurer
 11911 | D:10     | Found a snail-covered altar of Cheibriados.
 11914 | D:10     | Noticed a tengu warrior
 11955 | D:10     | Killed a tengu warrior
 12106 | D:10     | Found a white marble altar of Elyvilon.
 12115 | D:10     | Found a stormy altar of Qazlal.
 12127 | D:10     | Found a burning altar of Makhleb.
 12173 | D:10     | Found a shattered altar of Ashenzari.
 12189 | D:10     | Found a shadowy altar of Dithmenos.
 12194 | D:10     | Found a glowing silver altar of Zin.
 12413 | D:10     | Noticed a flayed ghost
 12425 | D:10     | Killed a flayed ghost
 12431 | D:10     | Got a brightly glowing steel ring
 12433 | D:10     | Identified the ring of Zyonun {+Fly Str-3 Dex+3 Int+2} (You found it on level 10 of the Dungeon)
 12884 | D:11     | Noticed Erolcha
 12908 | D:11     | Reached skill level 11 in Summonings
 13297 | D:11     | Killed Erolcha
 13403 | D:11     | Found a staircase to the Lair.
 13456 | D:11     | Noticed a hill giant
 13479 | D:11     | Killed a hill giant
 13538 | D:11     | Noticed an unseen horror
 13928 | D:11     | Noticed a hill giant
 13980 | D:11     | Killed a hill giant
 14050 | D:11     | Found an opulent altar of Gozag.
 14301 | D:11     | Learned a level 4 spell: Summon Lightning Spire
 14692 | Lair:1   | Entered Level 1 of the Lair of Beasts
 14779 | Lair:1   | Reached skill level 1 in Air Magic
 14817 | Lair:1   | Received a gift from Sif Muna
 14824 | Lair:1   | Identified Sif Muna's Volume of Bewitchment and the Escort {god gift} (Sif Muna gifted it to you on level 1 of the Lair of Beasts)
 15030 | Lair:1   | Reached skill level 5 in Evocations
 15532 | Lair:1   | Got a pair of faintly humming boots
 15538 | Lair:1   | Identified the +1 pair of boots "Pruonow" {rC++ Stlth--} (You found it on level 1 of the Lair of Beasts)
 15614 | D:11     | Killed an unseen horror
 15639 | D:11     | Noticed a hill giant
 15643 | D:11     | Killed a hill giant
 15810 | D:7      | Bought the +4 pair of boots of the Vacuum {Str+2 Int+2} for 518 gold pieces
 16310 | Lair:2   | Got a pitted spear
 16311 | Lair:2   | Identified the cursed +6 spear "Ugginupraop" {pierce, Str+1} (You found it on level 2 of the Lair of Beasts)
 16953 | Lair:2   | Lost mutation: You are agile. (Dex +2) [potion of cure mutation]
 16953 | Lair:2   | Lost mutation: Armour fits poorly on your strangely shaped body. [potion of cure mutation]
 16953 | Lair:2   | Lost mutation: Your muscles are strong. (Str +2) [potion of cure mutation]
 17577 | Lair:3   | Reached skill level 5 in Air Magic
 18053 | Lair:3   | Reached XP level 12. HP: 58/74 MP: 21/21
 18279 | Lair:3   | Found a hole to the Spider Nest.
 18861 | Lair:3   | Noticed a four-headed hydra
 18869 | Lair:3   | Killed a four-headed hydra
 18982 | Lair:3   | Noticed Fannar
 19009 | Lair:3   | Killed Fannar
 19920 | Lair:4   | Noticed Harold
 19933 | Lair:4   | Killed Harold
 20406 | Lair:4   | Noticed an eight-headed hydra
 20429 | Lair:4   | Killed an eight-headed hydra
 20679 | Lair:4   | Learned a level 6 spell: Monstrous Menagerie
 20968 | Lair:5   | Found a dark tunnel.
 21023 | Volcano  | Entered a volcano
 21057 | Volcano  | Received a gift from Sif Muna
 21105 | Volcano  | Found a burning altar of Makhleb.
 21105 | Volcano  | Noticed a centaur warrior
 21114 | Volcano  | Killed a centaur warrior
 21485 | Lair:5   | Got a twisted quarterstaff
 21486 | Lair:5   | Identified the +9 quarterstaff "Khetitut" {elec, *Rage rC+ MR+ Str+3} (You found it on level 5 of the Lair of Beasts)
 21913 | Lair:5   | Found a bloodstained altar of Trog.
 22478 | Lair:6   | Reached skill level 10 in Air Magic
 22632 | Lair:6   | Noticed a dire elephant
 22650 | Lair:6   | Slain by a dire elephant

Action                   |  1- 3 |  4- 6 |  7- 9 | 10-12 || total
-------------------------+-------+-------+-------+-------++-------
Melee: Short sword       |    51 |     9 |       |       ||    60
       Unarmed           |     6 |       |       |       ||     6
       Trident           |       |   136 |   154 |   154 ||   444
       Spear             |       |       |   305 |   612 ||   917
Throw: Throwing net      |       |       |     1 |       ||     1
 Cast: Summon Small Mamm |     2 |       |     1 |       ||     3
       Call Canine Famil |     1 |    10 |    30 |    53 ||    94
       Call Imp          |       |    10 |     3 |     7 ||    20
       Summon Ice Beast  |       |       |    47 |   226 ||   273
       Summon Guardian G |       |       |       |    25 ||    25
       Summon Lightning  |       |       |       |    10 ||    10
       Monstrous Menager |       |       |       |    12 ||    12
Invok: Channel Energy    |       |       |    74 |   302 ||   376
       Forget Spell      |       |       |     1 |     2 ||     3
 Abil: Bottle Blood      |       |       |    16 |    46 ||    62
       Evoke Invisibilit |       |       |       |     6 ||     6
       Turn Visible      |       |       |       |     3 ||     3
Evoke: Wand              |       |     1 |     3 |     8 ||    12
  Use: Potion            |     1 |     6 |    20 |    84 ||   111
       Scroll            |       |    11 |     4 |    27 ||    42
 Stab: Sleeping          |     7 |     7 |    11 |    19 ||    44
       Distracted        |     1 |     2 |     3 |    15 ||    21
       Invisible         |       |     4 |       |       ||     4
       Fleeing           |       |       |       |     1 ||     1
  Eat: Corpse            |     8 |    10 |    37 |    84 ||   139
